 Dungeon Crawl Stone Soup version 0.30-a0-149-g7f746667c4 (webtiles) character file.

Game seed: 12078021313331040153

313 ytrimaz the Stinger (level 6, 0/38 HPs)
             Began as an Octopode Transmuter on Sept 26, 2022.
             Was an Initiate of Gozag.
             Slain by a phantom (6 damage)
             ... on level 4 of the Dungeon.
             The game lasted 00:06:07 (4682 turns).

ytrimaz the Stinger (Octopode Transmuter)           Turns: 4682, Time: 00:06:07

Health: 0/38       AC:  2    Str:  9    XL:     6   Next: 43%
Magic:  7/9        EV: 19    Int: 17    God:    Gozag
Gold:   67         SH:  0    Dex: 18    Spells: 3/9 levels left

rFire   . . .      SeeInvis .      - Unarmed
rCold   . . .      Faith    .    (shield currently unavailable)
rNeg    . . .      Spirit   .    (helmet currently unavailable)
rPois   x          Reflect  .    (no amulet)
rElec   .          Harm     .    (no ring)
rCorr   .          Rampage  .    (no ring)
Will    .....                    (no ring)
Stlth   ++........               (no ring)
HPRegen 0.12/turn                (no ring)
MPRegen 0.11/turn                (no ring)
                                 (no ring)
                                 (no ring)

@: spider-form
A: venomous fangs, almost no armour, (amphibious), 8 rings, tiny, (camouflage
1), (gelatinous body 1), (nimble swimmer 1), (tentacles)
a: End Transformation, Renounce Religion, Potion Petition, Call Merchant, Bribe
Branch


You were on level 4 of the Dungeon.
You worshipped Gozag.
Gozag was noncommittal.
You were a venomous arachnid creature.
You visited 2 branches of the dungeon, and saw 5 of its levels.

You collected 251 gold pieces.
You spent 115 gold pieces at shops.
You paid 69 gold pieces to Gozag.


Innate Abilities, Weirdness & Mutations

You are a venomous arachnid creature.
You have poisonous fangs.
You are tiny and dextrous.
Your spellcasting is less reliable in this form.
Your armour is entirely melded.
You are incapable of wielding weapons or throwing items.
You cannot wear most types of armour.
((You are amphibious.))
You can wear up to eight rings at the same time.
((Your skin changes colour to match your surroundings (Stealth+).))
((Your rubbery body absorbs attacks. (AC +1, EV +1)))
((You are camouflaged when in or above water. (Stealth+)))
((You have tentacles for arms and can constrict up to eight enemies at once.))


   Skills:
 - Level 1.0 Fighting
 - Level 2.0 Dodging
 - Level 3.0 Unarmed Combat
 - Level 2.0 Spellcasting
 + Level 3.6 Transmutations
 - Level 4.0 Ice Magic
 - Level 4.0 Poison Magic


You had 3 spell levels left.
You knew the following spells:

 Your Spells              Type           Power      Damage    Failure   Level
a - Beastly Appendage     Tmut           28%        N/A       13%         1
b - Wereblood             Tmut           14%        N/A       19%         2
c - Spider Form           Tmut/Pois      14%        N/A       28%         3

Your spell library contained the following spells:

 Spells                   Type           Power      Damage    Failure   Level
 Ice Form                 Ice/Tmut       14%        N/A       61%         4

Inventory:

Scrolls
 c - a scroll of teleportation
 e - a scroll of butterflies {unknown}
 g - a scroll of enchant weapon
Potions
 a - 3 potions of attraction {unknown}
 b - 3 potions of brilliance
 d - a potion of mutation {unknown}
 f - 2 potions of flight
 h - a potion of magic {unknown}
 k - a potion of curing {unknown}
 l - a potion of haste {unknown}

Dungeon Overview and Level Annotations

Branches:
Dungeon (4/15) Zot: 19558  Temple (1/1) D:4 Zot: 5770

Altars:
Ashenzari
Cheibriados
Dithmenos
Elyvilon
Fedhas
Gozag
Hepliaklqana
Makhleb
Nemelex Xobeh
Okawaru
Qazlal
Ru
Uskayaw
Vehumet
Wu Jian
Xom
Yredelemnul
Zin
The Shining One

Shops:
D:1 *=?!   D:4 (

Annotations:
D:4 exclusion: water moccasin

...## h...## .....#
.โˆฉ..!# #. .....#
.. ..โ€ )#
#..#######h..#
#........s#
#.######.W#
#######.######..#
#........ยงยง.....#
#.######.######.#
#.# #.# #.# #.# #.#
#.# #.# #.# #.#
##.## #.# #.(


You could see a phantom and 2 jackals.


Message History

No target in view!
No target in view!
Unknown command.
Key pressed, stopping explore.
Key pressed, stopping explore.
Unknown command. ๐Ÿ˜Ž HP[+2]
Your hp is fully restored (38).
A phantom comes into view.
A phantom is nearby!
A phantom is nearby!
You barely miss the phantom. The phantom hits you. ๐Ÿ˜• HP[-4]
You take 4 damage, and now have 34/38 hp.
Unknown command.
You tentacle-slap the phantom. The phantom barely misses you.
You tentacle-slap the phantom. The phantom hits you.
The phantom blinks!
You blink.
Found 4 stones.
Found Pucet's Weapon Boutique. ๐Ÿ˜• HP[-4]
You take 4 damage, and now have 30/38 hp.
The phantom hits you.
The phantom blinks!
You blink. ๐Ÿ˜ฎ HP[-3]
You take 3 damage, and now have 27/38 hp.
Unknown command.
Casting: Beastly Appendage (safe; 4% risk of failure)
Confirm with . or Enter, or press ? or * to list all spells.
You don't know that spell.
Casting: Beastly Appendage (safe; 4% risk of failure)
Confirm with . or Enter, or press ? or * to list all spells.
You turn into a venomous arachnid creature.
The phantom misses you. ๐Ÿ˜ฎ MP[-3]
You lost 3 mp, and now have 6/9 mp.
A phantom is nearby!
Unknown command.
Unknown command.
You are too injured to fight recklessly!
You are too injured to fight recklessly!
You closely miss the phantom. The phantom barely misses you.
You are too injured to fight recklessly!
Unknown command.
You hit the phantom. The phantom hits you.
The jackal barely misses you. ๐Ÿ˜ฎ HP[-2]
You take 2 damage, and now have 25/38 hp.
You are too injured to fight recklessly!
You hit the phantom.
The jackal bites you but does no damage.
The phantom hits you.
* * * LOW HITPOINT WARNING * * *
๐Ÿ˜จ HP[-6]
You take 6 damage, and now have 19/38 hp.
You are too injured to fight recklessly!
Unknown command.
You hit the phantom.
The jackal bites you but does no damage.
The phantom barely misses you.
You hit the phantom. The jackal misses you. The jackal bites you.
* * * LOW HITPOINT WARNING * * *
The phantom barely misses you. ๐Ÿ˜จ HP[-2]
You take 2 damage, and now have 17/38 hp.
You are too injured to fight recklessly!
Unknown command.
You closely miss the phantom. The jackal misses you. The phantom hits you.
* * * LOW HITPOINT WARNING * * *
๐Ÿ˜จ HP[-2]
You take 2 damage, and now have 15/38 hp.
You hit the phantom but do no damage. The jackal closely misses you.
The phantom misses you.
You are too injured to fight recklessly!
Unknown command.
You hit the phantom. The jackal misses you. The jackal barely misses you.
The phantom hits you.
* * * LOW HITPOINT WARNING * * *
๐Ÿ˜จ HP[-2] MP[+1]
You take 2 damage, and now have 13/38 hp.
You closely miss the phantom. The jackal barely misses you.
The phantom completely misses you.
Unknown command.
You hit the phantom. The jackal barely misses you. The phantom misses you.
Unknown command.
You hit the phantom. The jackal bites you.
* * * LOW HITPOINT WARNING * * *
The jackal completely misses you. ๐Ÿ˜จ HP[-1]
You take 1 damage, and now have 12/38 hp.
You completely miss the phantom. The phantom hits you.
* * * LOW HITPOINT WARNING * * *
The jackal bites you.
* * * LOW HITPOINT WARNING * * *
๐Ÿ˜ฑ HP[-6]
You take 6 damage, and now have 6/38 hp.
Unknown command.
You hit the phantom but do no damage.
A jackal comes into view.
The phantom hits you.
You die...
Your body crumbles into a pile of gold.

Skill      XL: |  1  2  3  4  5  6 |
---------------+-------------------+-----
Poison Magic   | 1 3 4 |  4.0
Ice Magic      | 1 2 3 4 |  4.0
Transmutations | 3 |  3.6
Fighting       | |  1.0
Dodging        | |  2.0
Unarmed Combat | |  3.0
Spellcasting   | |  2.0

Action                   |  1- 3 |  4- 6 || total
-------------------------+-------+-------++-------
Melee: Unarmed           |    96 |   128 ||   224
       Constrict         |    28 |    32 ||    60
       Tentacles         |    20 |    20 ||    40
       Kick              |     1 |    14 ||    15
       Punch             |     2 |     2 ||     4
 Cast: Beastly Appendage |     1 |     7 ||     8
       Spider Form       |     3 |     3 ||     6
       Wereblood         |       |     1 ||     1
  Use: Scroll            |     3 |     7 ||    10
       Potion            |       |     1 ||     1
 Stab: Sleeping          |     6 |     3 ||     9
Armor: Skin              |    23 |    16 ||    39
Dodge: Dodged            |    95 |    89 ||   184

Levels and vault maps discovered:
D:1:      lightli_arrival_boilingwater, layout_loops_ring, serial_shops, shop,
          shop, shop_statue, nicolae_lakefront_shop
D:2:      layout_basic, hellmonk_ecumenical_altar_lost_god, minmay_tetromino_l4
D:3:      layout_loops_ring, nicolae_qazlal_general_emergency,
          lemuel_tele_altar, mainiacjoe_overflow_six_doors_small, serial_undead,
          serial_undead_b, serial_undead_a, serial_undead_a, serial_undead_a
D:4:      layout_loops_ring, minmay_temple_entry_butterflies, serial_shops,
          nicolae_shop_bloodbath_and_beyond
Temple:   eino_temple_scatter_basement

Notes
Turn   | Place    | Note
-------+----------+-------------------------------------------
     0 | D:1      | ytrimaz the Octopode Transmuter began the quest for the
                  | Orb.
     0 | D:1      | Reached XP level 1. HP: 13/13 MP: 3/3
     0 | D:1      | magus.rc [v1.9.6]
    21 | D:1      | Reached skill level 1 in Poison Magic
    62 | D:1      | Found Agon's Magic Scroll Emporium.
   106 | D:1      | Found Ohew's Distillery.
   305 | D:1      | Reached XP level 2. HP: 18/18 MP: 5/5
   327 | D:1      | Reached skill level 2 in Poison Magic
   401 | D:1      | Found Odaips's Assorted Antiques.
   609 | D:1      | Found Juroan's Jewellery Emporium.
   802 | D:1      | Reached skill level 3 in Poison Magic
   886 | D:1      | Reached XP level 3. HP: 23/23 MP: 6/6
   906 | D:1      | Learned a level 2 spell: Wereblood
   910 | D:1      | Learned a level 3 spell: Spider Form
   967 | D:2      | Found a faded altar of an unknown god.
  1420 | D:2      | You fall into a shaft and drop 2 floors!
  1422 | D:4      | Noticed a water moccasin
  1535 | D:3      | Reached skill level 4 in Poison Magic
  1714 | D:3      | Reached skill level 1 in Ice Magic
  1714 | D:3      | Reached XP level 4. HP: 17/28 MP: 7/7
  1941 | D:3      | Found a radiant altar of Vehumet.
  1966 | D:3      | Found a stormy altar of Qazlal.
  2294 | D:3      | Reached skill level 2 in Ice Magic
  2295 | D:3      | Found an iron altar of Okawaru.
  2615 | D:3      | Reached XP level 5. HP: 30/33 MP: 8/8
  2761 | D:1      | Bought a smoking silver amulet for 115 gold pieces
  2761 | D:1      | Identified the amulet of Fucvebbi {Faith -Tele Rampage rC+
                  | rCorr Dex+5} (You bought it in a shop on level 1 of the
                  | Dungeon)
  3800 | D:4      | Noticed a phantom
  3820 | D:4      | Killed a phantom
  3821 | D:4      | Reached skill level 3 in Transmutations
  3821 | D:4      | Reached skill level 3 in Ice Magic
  3821 | D:4      | Reached XP level 6. HP: 25/38 MP: 7/9
  4034 | D:4      | Reached skill level 4 in Ice Magic
  4188 | D:4      | Found a staircase to the Ecumenical Temple.
  4262 | Temple   | Entered the Ecumenical Temple
  4478 | Temple   | Became a worshipper of Gozag Ym Sagoz the Greedy
  4667 | D:4      | Found Pucet's Weapon Boutique.
  4681 | D:4      | HP: 7/38 [phantom (5)]
  4682 | D:4      | Slain by a phantom

Vanquished Creatures
  A phantom (D:4)
  3 hounds
  2 hound zombies (D:3)
  3 adders
  2 adder skeletons (D:3)
  A dart slug (D:3)
  5 bats
  7 endoplasms
  6 giant cockroaches
  7 goblins
  5 hobgoblins
  12 jackals
  11 kobolds
  A quokka (D:1)
  5 ball pythons
  A ball python skeleton (D:3)
  3 ball python zombies (D:3)
  3 frilled lizards
  2 rats
80 creatures vanquished.

Vanquished Creatures (others)
  A withered plant (D:3)
1 creature vanquished.

Grand Total: 81 creatures vanquished

Table legend:
 A = Non-vault XP
 B = Vault XP
 C = Vault XP percentage of total XP
 D = Non-vault monster count
 E = Vault monster count
 F = Vault count percentage of total count
                 A         B        C        D         E       F
            +---------+---------+-------+---------+---------+-------
      Total |     392 |      56 |  12.5 |      71 |       9 |  11.2
            +---------+---------+-------+---------+---------+-------
        D:1 |      35 |       0 |   0.0 |      19 |       0 |   0.0
        D:2 |      38 |       1 |   2.6 |      22 |       1 |   4.3
        D:3 |     103 |      55 |  34.8 |      20 |       8 |  28.6
        D:4 |     216 |       0 |   0.0 |      10 |       0 |   0.0
            +---------+---------+-------+---------+---------+-------

Illustrated notes

Table legend:
 A = Kills in this place as a percentage of kills in entire the game.
 B = Kills by you in this place as a percentage of kills by you in the entire game.
 C = Kills by friends in this place as a percentage of kills by friends in the entire game.
 D = Other kills in this place as a percentage of other kills in the entire game.
 E = Experience gained in this place as a percentage of experience gained in the entire game.
 F = Experience gained in this place divided by the number of levels of this place that you have seen.
                   A       B       C       D       E      F
               +-------+-------+-------+-------+-------+----------------------
         Total | 100.0 | 100.0 |   N/A |   N/A | 100.0 |  89.6
       Dungeon | 100.0 | 100.0 |   N/A |   N/A | 100.0 | 112.0
               +-------+-------+-------+-------+-------+----------------------

Table legend: (Time is in decaauts)
 A = Elapsed time spent in this place.
 B = Non-inter-level travel time spent in this place.
 C = Inter-level travel time spent in this place.
 D = Time resting spent in this place.
 E = Time spent auto-exploring this place.
 F = Levels seen in this place.
 G = Mean time per level.
                   A        B        C        D        E       F      G
               +--------+--------+--------+--------+--------+-----+--------+
         Total |   4670 |   4425 |    245 |    328 |   3425 |   5 |  934.0 |
       Dungeon |   4440 |   4229 |    211 |    328 |   3246 |   4 | 1110.0 |
        Temple |    229 |    195 |     34 |      0 |    179 |   1 |  229.0 |
               +--------+--------+--------+--------+--------+-----+--------+

Top non-repeatable levels by time:
     D:2: 1394 daAuts
     D:3: 1289 daAuts
     D:1: 999 daAuts
     D:4: 757 daAuts
  Temple: 229 daAuts
